 Dungeon Crawl Stone Soup version 0.27.0-1-g7a089689b8 (webtiles) character file.

Game seed: 3915325207575848238

100 freelancePsychic the Charlatan (level 5, -2/40 HPs)
             Began as a Djinni Artificer on Aug 13, 2021.
             Was an Initiate of Ru.
             Slain by Menkaure (20 damage)
             ... on level 5 of the Dungeon on Aug 14, 2021.
             The game lasted 00:05:18 (4660 turns).

freelancePsychic the Charlatan (Djinni Artificer)   Turns: 4660, Time: 00:05:18

Health: -2/40      AC:  4    Str: 11    XL:     5   Next: 3%
Gold:   83         EV: 12    Int: 13    God:    Ru [......] SH:  0 Dex: 14

rFire    + + .     SeeInvis .   o - staff of conjuration
rCold    x . .     Faith    .   (no shield)
rNeg     . . .     Spirit   .   b - +0 leather armour
rPois    ∞         Reflect  .   h - +0 helmet
rElec    .         Harm     .   (no cloak)
rCorr    .         Rampage  .   (no gloves)
Will     .....                  (boots unavailable)
Stlth    +.........             (no amulet)
HPRegen  0.13/turn              (no ring)
MPRegen  0.00/turn              (no ring)

@: flying
A: sickness immunity, fire resistance 2, cold vulnerability 1, float, innate
caster, hp casting, extra vitality 1
a: Renounce Religion


You were on level 5 of the Dungeon.
You worshipped Ru.
Ru was noncommittal.
You visited 1 branch of the dungeon, and saw 5 of its levels.

You collected 83 gold pieces.

Inventory:

Hand Weapons
 a - a +0 club
 k - a +2 short sword of speed
Armour
 b - a +0 leather armour (worn)
 h - a +0 helmet (worn)
Magical Staves
 o - a staff of conjuration (weapon)
Jewellery
 j - a ring of protection from cold
Wands
 c - a wand of flame (8)
 d - a wand of charming (15)
Scrolls
 p - a scroll of fog
Potions
 f - a potion of magic {unknown}
 i - a potion of cancellation {unknown}
 l - a potion of brilliance {unknown}
 m - a potion of curing {unknown}
 r - a potion of haste {unknown}
 s - 2 potions of heal wounds {unknown}
Miscellaneous
 e - a piece from Xom's chessboard (15/15)


   Skills:
 + Level 2.8 Fighting
 - Level 1.0 Armour
 - Level 2.1 Dodging
 - Level 0.7 Stealth
 * Level 2.3 Spellcasting
 - Level 3.0 Evocations


You had 5 spell levels left.
You knew the following spells:

 Your Spells              Type           Power      Damage    Failure   Level
a - Shock                 Conj/Air       44%        1d5       13%         1
b - Ensorcelled Hibernat  Hex/Ice        14%        N/A       19%         2
Your spell library was empty.

Dungeon Overview and Level Annotations

Branches:
Dungeon (5/15)
 Temple: D:4-7

Altars:
Fedhas
Ru
Yredelemnul

Annotations:
D:3 4 runed translucent doors, Krazlmac's ghost, amateur TeMo; robertstho's ghost, amateur MiHu
D:5 Menkaure


Innate Abilities, Weirdness & Mutations

You are immune to sickness and miasma.
You are immune to poison.
Your flesh is very heat resistant. (rF++)
You are vulnerable to cold. (rC-)
You float through the air rather than walking.
You learn spells naturally, not from books.
Your magical power is your life essence.
You have superior vitality. (+4 HP)


Message History

There is a stone staircase leading up here.
HP restored.
There is a stone staircase leading up here.
Found a stone staircase leading up.
Menkaure, Prince of Dust comes into view.
Found a blossoming altar of Fedhas.
You feel a surge of power!
The zap hits Menkaure.
Menkaure is lightly damaged.
You feel a surge of power!
The zap hits Menkaure.
Menkaure is moderately damaged.
Menkaure mumbles some strange words.
Menkaure seems to speed up.
You feel a surge of power!
The zap hits Menkaure.
Menkaure is moderately damaged.
Menkaure calls on the powers of darkness!
Your body is wracked with pain!
Casting: Shock (safe; 13% risk of failure)
Confirm with . or Enter, or press ? or * to list all spells.
Aiming: Shock (safe; 13% risk of failure)
Press: ? - help, Shift-Dir - straight line, f/p - Menkaure
Aim: Menkaure (moderately damaged, fast, 85% to hit)
You feel a surge of power!
The zap hits Menkaure.
Menkaure is heavily damaged.
Casting: Shock (safe; 13% risk of failure)
Confirm with . or Enter, or press ? or * to list all spells.
Aiming: Shock (safe; 13% risk of failure)
Press: ? - help, Shift-Dir - straight line, f/p - Menkaure
Aim: Menkaure (heavily damaged, fast, 85% to hit)
You feel a surge of power!
The zap hits Menkaure.
Menkaure is severely damaged.
Casting: Shock (safe; 13% risk of failure)
Confirm with . or Enter, or press ? or * to list all spells.
Aiming: Shock (safe; 13% risk of failure)
Press: ? - help, Shift-Dir - straight line, f/p - Menkaure
Aim: Menkaure (severely damaged, fast, 85% to hit)
You feel a surge of power!
The zap hits Menkaure.
Menkaure is almost destroyed.
Menkaure hits you!!
Ouch! That really hurt!
You die...

.......#
######.# #<#
#.######
#......######
######......#
######.# #.#
#@# #M# #.#
#.# #....._..
.....#.#.
.##...# ..
.<... #.
.....#


You could see Menkaure (fast).

Vanquished Creatures
  A howler monkey zombie (D:3)
  A gnoll (D:4)
  An adder (D:2)
  A worm (D:3)
  An orc (D:3)
  5 endoplasms
  5 giant cockroaches
  3 goblins
  6 hobgoblins
  5 jackals
  7 kobolds
  3 quokkas
  7 ball pythons
  7 bats
  4 frilled lizards
  4 rats
61 creatures vanquished.

Notes
Turn   | Place    | Note
-------+----------+-------------------------------------------
     0 | D:1      | freelancePsychic the Djinni Artificer began the quest for
                  | the Orb.
     0 | D:1      | Reached XP level 1. HP: 17/17 MP: 0/0
    76 | D:1      | You are sucked into a shaft and drop 1 floor!
   203 | D:2      | Reached XP level 2. HP: 19/22 MP: 0/0
   648 | D:2      | Reached skill level 1 in Spellcasting
   748 | D:2      | Reached XP level 3. HP: 17/28 MP: 0/0
   748 | D:2      | Learned a level 1 spell: Shock
  2252 | D:1      | Reached XP level 4. HP: 28/34 MP: 0/0
  2305 | D:1      | Found a faded altar of an unknown god.
  2632 | D:3      | Noticed robertstho's ghost (amateur MiHu)
  2637 | D:3      | Found a runed translucent door.
  3076 | D:3      | Found a runed translucent gate.
  3076 | D:3      | Found a runed translucent gate.
  3076 | D:3      | Found a runed translucent gate.
  3076 | D:3      | Noticed Krazlmac's ghost (amateur TeMo)
  3079 | D:3      | Found a basalt altar of Yredelemnul.
  3413 | D:3      | Found a sacrificial altar of Ru.
  3421 | D:3      | Became a worshipper of Ru the Awakened
  4403 | D:4      | Reached XP level 5. HP: 21/40 MP: 0/0
  4403 | D:4      | Learned a level 2 spell: Ensorcelled Hibernation
  4438 | D:5      | Entered Level 5 of the Dungeon
  4651 | D:5      | Found a blossoming altar of Fedhas.
  4651 | D:5      | Noticed Menkaure
  4660 | D:5      | Slain by Menkaure

Illustrated notes

Levels and vault maps discovered:
D:1:      nagdon_arrival_double_spiral, layout_rooms,
          shapermc_ecumenical_altar_totnotflames, minmay_heptomino_l4
D:2:      layout_basic
D:3:      layout_loops_ring, mainiacjoe_overflow_24_doors,
          nicolae_yredelemnul_ghost_church, hellmonk_ghost_happy_afterlife
D:4:      layout_basic, mainiacjoe_overflow_catwalk,
          lemuel_zombie_altar_kikubaaqudgha, mainiacjoe_overflow_small_starburst
D:5:      layout_loops_ring, marbit_many_paths, lemuel_crystal_altar,
          uniq_menkaure

Skill      XL: |  1  2  3  4 |
---------------+-------------+-----
Spellcasting   | 1 2 |  2.3
Fighting       | 2 |  2.8
Armour         | |  1.0
Dodging        | |  2.1
Stealth        | |  0.7
Evocations     | |  3.0

Action                   |  1- 3 |  4- 6 || total
-------------------------+-------+-------++-------
Melee: Club              |    41 |       ||    41
       Short sword       |    14 |       ||    14
 Cast: Shock             |    46 |    85 ||   131
       Ensorcelled Hiber |       |     3 ||     3
Evoke: Wand              |     7 |       ||     7
  Use: Scroll            |       |     5 ||     5
Armor: Leather armour    |    29 |    13 ||    42
Dodge: Dodged            |    70 |    33 ||   103
